| TOP OF THE 1ST |
|
Los Angeles Dodgers batting - Pitching for St. Louis Cardinals : LHP Willie Hernandez
|
|
Pitching: LHP Willie Hernandez
|
|
|
Batting: RHB Billy Sample
|
0-0: Ball 1-0: Ball 2-0: Called Strike 2-1: Ball 3-1: Foul Ball, location: 2F 3-2: Foul Ball, location: 2F 3-2: Fly out, F9 (Line Drive, 9, EV 90.6 MPH)
|
|
Batting: RHB Carney Lansford
|
0-0: DOUBLE (Flyball, 78XD, EV 99.4 MPH)
|
|
Batting: RHB Dick Davis
|
0-0: Called Strike 0-1: Called Strike 0-2: SINGLE (Groundball, 5D, EV 102.5 MPH) Carney Lansford to third Runner from 3rd tries for Home, SAFE, throw by LF to home
|
|
Batting: RHB Jerry Keller
|
0-0: Called Strike 0-1: Ball 1-1: Grounds into double play, 4-6-3 (Groundball, 4M, EV 87.5 MPH)
|
| Top of the 1st over - 1 run, 2 hits, 0 errors, 0 left on base; Los Angeles 1 - St. Louis 0 |
| BOTTOM OF THE 1ST |
|
St. Louis Cardinals batting - Pitching for Los Angeles Dodgers : RHP Mario Soto
|
|
Pitching: RHP Mario Soto
|
|
|
Batting: SHB Otis Nixon
|
0-0: Called Strike 0-1: Called Strike 0-2: SINGLE (Groundball, 6M, EV 104.4 MPH) (infield hit)
|
|
Batting: LHB Jim Gantner
|
Pickoff Throw to First - Out! 1-3 0-0: Called Strike 0-1: Ball 1-1: Called Strike 1-2: Ball 2-2: Ball 3-2: Base on Balls
|
|
Batting: RHB Sixto Lezcano
|
0-0: Ball 1-0: Called Strike 1-1: Ball 2-1: Ball 3-1: Ground out 5-3 (Groundball, 56S, EV 66.3 MPH) Jim Gantner to second
|
|
Batting: LHB Pat Putnam
|
0-0: Ball 1-0: Fly out, F7 (Flyball, 7S, EV 80.6 MPH)
|
| Bottom of the 1st over - 0 runs, 1 hit, 0 errors, 1 left on base; Los Angeles 1 - St. Louis 0 |
| TOP OF THE 2ND |
|
Los Angeles Dodgers batting - Pitching for St. Louis Cardinals : LHP Willie Hernandez
|
|
Batting: RHB Gary Gaetti
|
0-0: Swinging Strike 0-1: Fly out, F8 (Flyball, 78D, EV 92.5 MPH)
|
|
Batting: RHB Toby Harrah
|
0-0: SOLO HOME RUN (Flyball, 7D, EV 99.4 MPH), Distance : 366 ft
|
|
Batting: SHB Chris W Smith
|
0-0: Ball 1-0: Swinging Strike 1-1: Ball 2-1: Foul Ball, location: 2F 2-2: Strikes out swinging
|
|
Batting: RHB Roberto Reyes
|
0-0: Called Strike 0-1: Fly out, F7 (Line Drive, 7, EV 93.8 MPH)
|
| Top of the 2nd over - 1 run, 1 hit, 0 errors, 0 left on base; Los Angeles 2 - St. Louis 0 |
| BOTTOM OF THE 2ND |
|
St. Louis Cardinals batting - Pitching for Los Angeles Dodgers : RHP Mario Soto
|
|
Batting: RHB Bob Watson
|
0-0: Ball 1-0: Ball 2-0: Foul Ball, location: 2F 2-1: Foul Ball, location: 2F 2-2: Strikes out swinging
|
|
Batting: LHB Mike Davis
|
0-0: SINGLE (Groundball, 34D, EV 103.1 MPH)
|
|
Batting: RHB Joe Torre
|
0-0: Called Strike Mike Davis steals 2nd base 0-1: Foul Ball, location: 2F 0-2: Foul Ball, location: 2F 0-2: Ball 1-2: Foul Ball, location: 2F 1-2: Foul Ball, location: 2F 1-2: Fly out, F9 (Flyball, 89M, EV 92.5 MPH)
|
|
Batting: SHB Billy E Smith
|
0-0: Foul Ball, location: 2F 0-1: Foul Ball, location: 2F 0-2: Ground out 4-3 (Groundball, 4M, EV 83.8 MPH)
|
| Bottom of the 2nd over - 0 runs, 1 hit, 0 errors, 1 left on base; Los Angeles 2 - St. Louis 0 |
| TOP OF THE 3RD |
|
Los Angeles Dodgers batting - Pitching for St. Louis Cardinals : LHP Willie Hernandez
|
|
Batting: RHB Mario Soto
|
0-0: Called Strike 0-1: Ball 1-1: Ball 2-1: Called Strike 2-2: Strikes out swinging
|
|
Batting: RHB Billy Sample
|
0-0: Called Strike 0-1: Ball 1-1: Ball 2-1: Ball 3-1: Foul Ball, location: 2F 3-2: Foul Ball, location: 2F 3-2: Foul Ball, location: 2F 3-2: Ground out 6-3 (Groundball, 56, EV 105.6 MPH)
|
|
Batting: RHB Carney Lansford
|
0-0: Ball 1-0: Ball 2-0: Called Strike 2-1: Swinging Strike 2-2: SINGLE (Flyball, 8LS, EV 92.5 MPH)
|
|
Batting: RHB Dick Davis
|
0-0: Fly out, F6 (Popup, 6MD, EV 41.9 MPH)
|
| Top of the 3rd over - 0 runs, 1 hit, 0 errors, 1 left on base; Los Angeles 2 - St. Louis 0 |
| BOTTOM OF THE 3RD |
|
St. Louis Cardinals batting - Pitching for Los Angeles Dodgers : RHP Mario Soto
|
|
Batting: LHB Willie Hernandez
|
0-0: Called Strike 0-1: Swinging Strike 0-2: Strikes out swinging
|
|
Batting: SHB Otis Nixon
|
0-0: Called Strike 0-1: Foul Ball, location: 2F 0-2: Ball 1-2: Foul Ball, location: 2F 1-2: Ground out 3-1 (Groundball, 34S, EV 89.4 MPH)
|
|
Batting: LHB Jim Gantner
|
0-0: Called Strike 0-1: Swinging Strike 0-2: Ball 1-2: SOLO HOME RUN (Flyball, 9LD, EV 90.0 MPH), Distance : 344 ft
|
|
Batting: RHB Sixto Lezcano
|
0-0: Ball 1-0: Called Strike 1-1: Ball 2-1: Called Strike 2-2: Ground out 4-3 (Groundball, 4, EV 90.6 MPH)
|
| Bottom of the 3rd over - 1 run, 1 hit, 0 errors, 0 left on base; Los Angeles 2 - St. Louis 1 |
| TOP OF THE 4TH |
|
Los Angeles Dodgers batting - Pitching for St. Louis Cardinals : LHP Willie Hernandez
|
|
Batting: RHB Jerry Keller
|
0-0: Ball 1-0: Ball 2-0: Fly out, F7 (Flyball, 7LM, EV 102.5 MPH)
|
|
Batting: RHB Gary Gaetti
|
0-0: Called Strike 0-1: Foul Ball, location: 2F 0-2: Ground out 4-3 (Groundball, 34, EV 105.6 MPH)
|
|
Batting: RHB Toby Harrah
|
0-0: Fly out, F5 (Popup, 5SF, EV 78.8 MPH)
|
| Top of the 4th over - 0 runs, 0 hits, 0 errors, 0 left on base; Los Angeles 2 - St. Louis 1 |
| BOTTOM OF THE 4TH |
|
St. Louis Cardinals batting - Pitching for Los Angeles Dodgers : RHP Mario Soto
|
|
Batting: LHB Pat Putnam
|
0-0: SINGLE (Line Drive, 9S, EV 85.0 MPH)
|
|
Batting: RHB Bob Watson
|
0-0: Called Strike 0-1: Foul Ball, location: 2F 0-2: SINGLE (Line Drive, 6MD, EV 98.1 MPH) Pat Putnam to second Runner from 2nd tries for 3rd, SAFE, throw by CF made to third
|
|
Batting: LHB Mike Davis
|
0-0: Called Strike 0-1: Fly out, F7 (Flyball, 78D, EV 78.1 MPH) Runner from 3rd tags up, OUT at HOME! 7-2 Bob Watson to second
|
|
Batting: RHB Joe Torre
|
0-0: Ball 1-0: Foul Ball, location: 2F 1-1: Ball 2-1: Fly out, F7 (Flyball, 7S, EV 80.0 MPH)
|
| Bottom of the 4th over - 0 runs, 2 hits, 0 errors, 1 left on base; Los Angeles 2 - St. Louis 1 |
| TOP OF THE 5TH |
|
Los Angeles Dodgers batting - Pitching for St. Louis Cardinals : LHP Willie Hernandez
|
|
Batting: SHB Chris W Smith
|
0-0: Foul Ball, location: 2F 0-1: Ball 1-1: Called Strike 1-2: Ground out 6-3 (Groundball, 6, EV 84.4 MPH)
|
|
Batting: RHB Roberto Reyes
|
0-0: Foul Ball, location: 2F 0-1: Foul Ball, location: 2F 0-2: Ball 1-2: Fly out, F1 (Line Drive, P, EV 64.4 MPH)
|
|
Batting: RHB Mario Soto
|
0-0: Swinging Strike 0-1: SINGLE (Line Drive, 4MD, EV 103.8 MPH)
|
|
Batting: RHB Billy Sample
|
0-0: Ball 1-0: SINGLE (Line Drive, 89S, EV 108.1 MPH) Mario Soto to second
|
|
Batting: RHB Carney Lansford
|
0-0: Ball 1-0: Fly out, F8 (Flyball, 8RS, EV 84.4 MPH)
|
| Top of the 5th over - 0 runs, 2 hits, 0 errors, 2 left on base; Los Angeles 2 - St. Louis 1 |
| BOTTOM OF THE 5TH |
|
St. Louis Cardinals batting - Pitching for Los Angeles Dodgers : RHP Mario Soto
|
|
Batting: SHB Billy E Smith
|
0-0: Foul Ball, location: 2F 0-1: Foul Ball, location: 2F 0-2: Foul Ball, location: 2F 0-2: Fly out, F7 (Flyball, 7LM, EV 109.4 MPH)
|
|
Batting: LHB Willie Hernandez
|
0-0: Called Strike 0-1: Ball 1-1: Called Strike 1-2: Strikes out swinging
|
|
Batting: SHB Otis Nixon
|
0-0: Called Strike 0-1: Fly out, F7 (Flyball, 7LM, EV 98.8 MPH)
|
| Bottom of the 5th over - 0 runs, 0 hits, 0 errors, 0 left on base; Los Angeles 2 - St. Louis 1 |
| TOP OF THE 6TH |
|
Los Angeles Dodgers batting - Pitching for St. Louis Cardinals : LHP Willie Hernandez
|
|
Batting: RHB Dick Davis
|
0-0: Swinging Strike 0-1: Called Strike 0-2: Foul Ball, location: 2F 0-2: SOLO HOME RUN (Flyball, 7LD, EV 107.5 MPH), Distance : 356 ft
|
|
Batting: RHB Jerry Keller
|
0-0: Ball 1-0: Ball 2-0: Called Strike 2-1: Foul Ball, location: 2F 2-2: Fly out, F7 (Line Drive, 7, EV 93.1 MPH)
|
|
Batting: RHB Gary Gaetti
|
0-0: Ball 1-0: Ground out 4-3 (Groundball, 4, EV 101.3 MPH)
|
|
Batting: RHB Toby Harrah
|
0-0: Called Strike 0-1: Foul Ball, location: 2F 0-2: Foul Ball, location: 2F 0-2: Strikes out swinging
|
| Top of the 6th over - 1 run, 1 hit, 0 errors, 0 left on base; Los Angeles 3 - St. Louis 1 |
| BOTTOM OF THE 6TH |
|
St. Louis Cardinals batting - Pitching for Los Angeles Dodgers : RHP Mario Soto
|
|
Batting: LHB Jim Gantner
|
0-0: Ball 1-0: Called Strike 1-1: Foul Ball, location: 2F 1-2: Fly out, F8 (Line Drive, 8RD, EV 96.9 MPH)
|
|
Batting: RHB Sixto Lezcano
|
0-0: Ball 1-0: Ball 2-0: Called Strike 2-1: Foul Ball, location: 2F 2-2: SINGLE (Groundball, 4MD, EV 105.6 MPH)
|
|
Batting: LHB Pat Putnam
|
0-0: Called Strike Sixto Lezcano steals 2nd base 0-1: Ball 1-1: 2-RUN HOME RUN (Flyball, 7D, EV 96.9 MPH), Distance : 378 ft
|
|
Batting: RHB Bob Watson
|
0-0: Ball 1-0: Ball 2-0: Ball 3-0: Base on Balls
|
|
Batting: LHB Mike Davis
|
0-0: Ball 1-0: Fly out, F8 (Flyball, 8LD, EV 100.6 MPH)
|
|
Batting: RHB Joe Torre
|
0-0: Ball 1-0: Ball 2-0: 2-RUN HOME RUN (Line Drive, 78XD, EV 100.6 MPH), Distance : 417 ft
|
|
Batting: SHB Billy E Smith
|
0-0: Ball 1-0: Ball 2-0: Called Strike 2-1: Ball 3-1: Called Strike 3-2: Base on Balls
|
|
Batting: LHB Willie Hernandez
|
0-0: Ball 1-0: Called Strike 1-1: Ball 2-1: Ball 3-1: Swinging Strike 3-2: Foul Ball, location: 2F 3-2: Strikes out swinging
|
| Bottom of the 6th over - 4 runs, 3 hits, 0 errors, 1 left on base; Los Angeles 3 - St. Louis 5 |
| TOP OF THE 7TH |
|
Los Angeles Dodgers batting - Pitching for St. Louis Cardinals : LHP Willie Hernandez
|
|
Batting: SHB Chris W Smith
|
0-0: Called Strike 0-1: Hit by Pitch
|
|
Batting: RHB Roberto Reyes
|
0-0: Ball 1-0: Sac Bunt to 13 - play at first, batter OUT! 1-3 Chris W Smith to second
|
|
Pinch Hitting: LHB Ronald Jackson
|
0-0: Foul Ball, location: 2F 0-1: Ball 1-1: DOUBLE (Line Drive, 9LM, EV 91.9 MPH) Chris W Smith scores
|
|
Batting: RHB Billy Sample
|
0-0: Called Strike 0-1: Fly out, F4 (Flyball, 34D, EV 88.1 MPH)
|
|
Batting: RHB Carney Lansford
|
0-0: Ball 1-0: Ball 2-0: Ball 3-0: Base on Balls
|
|
Batting: RHB Dick Davis
|
0-0: Called Strike 0-1: Swinging Strike 0-2: Ball 1-2: SINGLE (Flyball, 4MD, EV 89.4 MPH) Ronald Jackson to third Carney Lansford to second Runner from 3rd tries for Home, SAFE, throw by CF to home
|
|
Pitching: LHP Jeff Little
|
|
|
Batting: RHB Jerry Keller
|
0-0: Ball 1-0: Foul Ball, location: 2F 1-1: Foul Ball, location: 2F 1-2: Foul Ball, location: 2F 1-2: Ball 2-2: Ball 3-2: SINGLE (Groundball, 56D, EV 100.0 MPH) Carney Lansford to third Dick Davis to second Carney Lansford scores Dick Davis to third
|
|
Batting: RHB Gary Gaetti
|
0-0: Ball 1-0: Ball 2-0: Called Strike 2-1: Fly out, F5 (Popup, 56S, EV 78.1 MPH)
|
| Top of the 7th over - 3 runs, 3 hits, 0 errors, 2 left on base; Los Angeles 6 - St. Louis 5 |
| BOTTOM OF THE 7TH |
|
St. Louis Cardinals batting - Pitching for Los Angeles Dodgers : RHP Mario Soto
|
|
Pitching: RHP Chuck Porter
|
|
|
Batting: SHB Otis Nixon
|
0-0: Ball 1-0: Called Strike 1-1: Foul Ball, location: 2F 1-2: Ball 2-2: Foul Ball, location: 2F 2-2: Ground out U3 (Groundball, 34, EV 83.8 MPH)
|
|
Batting: LHB Jim Gantner
|
0-0: Called Strike 0-1: Swinging Strike 0-2: Foul Ball, location: 2F 0-2: Strikes out swinging
|
|
Batting: RHB Sixto Lezcano
|
0-0: Ground out 6-3 (Groundball, 6, EV 88.1 MPH)
|
| Bottom of the 7th over - 0 runs, 0 hits, 0 errors, 0 left on base; Los Angeles 6 - St. Louis 5 |
| TOP OF THE 8TH |
|
Los Angeles Dodgers batting - Pitching for St. Louis Cardinals : LHP Jeff Little
|
|
Batting: RHB Toby Harrah
|
0-0: Called Strike 0-1: Called Strike 0-2: Ball 1-2: SINGLE (Line Drive, 78M, EV 108.8 MPH)
|
|
Batting: SHB Chris W Smith
|
0-0: Ball 1-0: Called Strike 1-1: Foul Ball, location: 2F 1-2: Ball 2-2: Foul Ball, location: 2F 2-2: Grounds into double play, 5-4-3 (Groundball, 56, EV 78.1 MPH)
|
|
Batting: RHB Roberto Reyes
|
0-0: Called Strike 0-1: Ball 1-1: Ball 2-1: Ball 3-1: SINGLE (Line Drive, 7S, EV 90.6 MPH)
|
|
Pinch Hitting: RHB Thomas Franklin
|
0-0: Ball 1-0: Ball 2-0: Ball 3-0: Called Strike 3-1: Base on Balls Roberto Reyes to second
|
|
Batting: RHB Billy Sample
|
0-0: Fly out, F6 (Line Drive, 6, EV 73.8 MPH)
|
| Top of the 8th over - 0 runs, 2 hits, 0 errors, 2 left on base; Los Angeles 6 - St. Louis 5 |
| BOTTOM OF THE 8TH |
|
St. Louis Cardinals batting - Pitching for Los Angeles Dodgers : RHP Chuck Porter
|
|
Pitching: RHP Steve Foucault
|
|
|
Batting: LHB Pat Putnam
|
0-0: Called Strike 0-1: Foul Ball, location: 2F 0-2: Fly out, F9 (Flyball, 89XD, EV 111.3 MPH)
|
|
Batting: RHB Bob Watson
|
0-0: Called Strike 0-1: Foul Ball, location: 2F 0-2: Ball 1-2: Ball 2-2: Strikes out swinging
|
|
Batting: LHB Mike Davis
|
0-0: Ball 1-0: Ball 2-0: Ground out 5-3 (Groundball, 5, EV 103.8 MPH)
|
| Bottom of the 8th over - 0 runs, 0 hits, 0 errors, 0 left on base; Los Angeles 6 - St. Louis 5 |
| TOP OF THE 9TH |
|
Los Angeles Dodgers batting - Pitching for St. Louis Cardinals : LHP Jeff Little
|
|
Batting: RHB Carney Lansford
|
0-0: Ball 1-0: Ball 2-0: SINGLE (Flyball, 8RS, EV 91.3 MPH)
|
|
Pitching: LHP Jerry Reuss
|
|
|
Batting: RHB Dick Davis
|
0-0: Ball 1-0: Swinging Strike 1-1: Ball 2-1: Swinging Strike 2-2: Foul Ball, location: 2F 2-2: Fly out, F9 (Line Drive, 9, EV 91.9 MPH)
|
|
Batting: RHB Jerry Keller
|
0-0: Called Strike 0-1: Called Strike Carney Lansford steals 2nd base 0-2: Strikes out looking
|
|
Batting: RHB Gary Gaetti
|
0-0: Swinging Strike 0-1: Ball 1-1: SINGLE (Groundball, 13S, EV 63.8 MPH) (infield hit) Carney Lansford to third
|
|
Batting: RHB Toby Harrah
|
0-0: Ball 1-0: Foul Ball, location: 2F 1-1: Swinging Strike 1-2: Ball 2-2: Ball 3-2: Base on Balls Gary Gaetti to second
|
|
Batting: SHB Chris W Smith
|
0-0: Ball 1-0: Ball 2-0: Called Strike 2-1: Ground out 6-3 (Groundball, 4M, EV 108.1 MPH)
|
| Top of the 9th over - 0 runs, 2 hits, 0 errors, 3 left on base; Los Angeles 6 - St. Louis 5 |
| BOTTOM OF THE 9TH |
|
St. Louis Cardinals batting - Pitching for Los Angeles Dodgers : RHP Steve Foucault
|
|
Batting: RHB Joe Torre
|
0-0: Called Strike 0-1: Fly out, F7 (Line Drive, 7D, EV 98.8 MPH)
|
|
Batting: SHB Billy E Smith
|
0-0: Foul Ball, location: 2F 0-1: Foul Ball, location: 2F 0-2: Foul Ball, location: 2F 0-2: Ball 1-2: Ball 2-2: Foul Ball, location: 2F 2-2: Fly out, F7 (Flyball, 7, EV 90.0 MPH)
|
|
Pinch Hitting: LHB Mark Hildebrand
|
0-0: Ball 1-0: Called Strike 1-1: Swinging Strike 1-2: Foul Ball, location: 2F 1-2: SOLO HOME RUN (Flyball, 7D, EV 98.1 MPH), Distance : 369 ft
|
|
Batting: SHB Otis Nixon
|
0-0: Ball 1-0: Ball 2-0: Fly out, F5 (Popup, 25F, EV 82.5 MPH)
|
| Bottom of the 9th over - 1 run, 1 hit, 0 errors, 0 left on base; Los Angeles 6 - St. Louis 6 |
| TOP OF THE 10TH |
|
Los Angeles Dodgers batting - Pitching for St. Louis Cardinals : LHP Jerry Reuss
|
|
Pitching: RHP Larry Andersen
|
|
|
Batting: RHB Roberto Reyes
|
0-0: Ball 1-0: Ball 2-0: Foul Ball, location: 2F 2-1: Ball 3-1: Called Strike 3-2: Strikes out looking
|
|
Pinch Hitting: RHB Mike Shelton
|
0-0: Foul Ball, location: 2F 0-1: Foul Ball, location: 2F 0-2: Ball 1-2: Ball 2-2: Foul Ball, location: 2F 2-2: Fly out, F7 (Flyball, 78D, EV 83.1 MPH)
|
|
Batting: RHB Billy Sample
|
0-0: Ball 1-0: Swinging Strike 1-1: Fly out, F4 (Popup, 4, EV 55.6 MPH)
|
| Top of the 10th over - 0 runs, 0 hits, 0 errors, 0 left on base; Los Angeles 6 - St. Louis 6 |
| BOTTOM OF THE 10TH |
|
St. Louis Cardinals batting - Pitching for Los Angeles Dodgers : RHP Steve Foucault
|
|
Pitching: LHP Rod Scurry
|
|
|
Batting: LHB Jim Gantner
|
0-0: Ball 1-0: Ball 2-0: Called Strike 2-1: Ball 3-1: Called Strike 3-2: Base on Balls
|
|
Batting: RHB Sixto Lezcano
|
Pickoff Throw to First - Out! 1-3 0-0: Ball 1-0: Ball 2-0: Called Strike 2-1: SOLO HOME RUN (Flyball, 78XD, EV 94.4 MPH), Distance : 414 ft
|
| Bottom of the 10th over - 1 run, 1 hit, 0 errors, 0 left on base; Los Angeles 6 - St. Louis 7 |
|